 Dungeon Crawl Stone Soup version 0.30.1-9-gdf580d7c3d (webtiles) character file.

Game seed: 3154762706409013144

629 Amplified the Trooper (level 7, -6/56 HPs)
             Began as a Hill Orc Hexslinger on Oct 5, 2023.
             Mangled by an ogre
             ... wielding a +0 giant spiked club
              (33 damage)
             ... on level 5 of the Dungeon.
             The game lasted 00:07:07 (4587 turns).

Amplified the Trooper (Hill Orc Hexslinger)         Turns: 4587, Time: 00:07:08

Health: -6/56      AC:  6    Str: 20    XL:     7   Next: 48%
Magic:  7/8        EV: 11    Int: 17    God:
Gold:   194        SH:  0    Dex: 10    Spells: 7/8 levels left

rFire   . . .        h - +1 short sword (elec)
rCold   . . .        (no shield)
rNeg    . . .        f - +0 ring mail
rPois   .            (no helmet)
rElec   .            p - scarf {repulsion}
rCorr   .            (no gloves)
SInv    .            (no boots)
Will    .....        (no amulet) Stlth
                     j - +6 ring of strength
HPRegen 0.29/turn    (no ring)
MPRegen 0.11/turn

%: repel missiles
@: no status effects
A: clever 1, frail 1
a: no special abilities


You were on level 5 of the Dungeon.
You visited 1 branch of the dungeon, and saw 6 of its levels.
You also visited: Ossuary.

You collected 194 gold pieces.

Inventory:

Hand Weapons
 a - a +1 sling
 h - a +1 short sword of electrocution (weapon)
 n - a +0 dagger of holy wrath
Missiles
 g - 6 javelins
Armour
 c - a +0 robe
 f - a +0 ring mail (worn)
 p - a scarf of repulsion (worn)
Jewellery
 j - a +6 ring of strength (left hand)
Scrolls
 b - 2 scrolls of poison
 o - a scroll of fog
Potions
 e - 2 potions of haste
 i - 2 potions of flight {unknown}
 k - 2 potions of brilliance {unknown}
 l - 2 potions of lignification


   Skills:
 * Level 6.0 Fighting
 * Level 3.1 Short Blades
 - Level 1.7 Ranged Weapons
 * Level 5.2 Armour
 - Level 1.5 Dodging
 - Level 1.0 Spellcasting
 - Level 3.0 Hexes


You had 7 spell levels left.
You knew the following spells:

 Your Spells              Type           Power      Damage    Failure   Level
a - Slow                  Hex            44%        N/A       10%         1

Your spell library contained the following spells:

 Spells                   Type           Power      Damage    Failure   Level
 Magic Dart               Conj           0%         1d3       34%         1
 Call Imp                 Summ           0%         N/A       45%         2
 Inner Flame              Hex/Fire       5%         N/A       50%         3
 Portal Projectile        Hex/Tloc       10%        N/A       50%         3
 Cause Fear               Hex            5%         N/A       69%         4
 Mephitic Cloud           Conj/Pois/Air  0%         N/A       71%         3


Dungeon Overview and Level Annotations

Branches:
Dungeon (6/15)            Ossuary (visited)
 Temple: D:4-7

Altars:
Ru
Vehumet
Xom

Shops:
D:2 (


Innate Abilities, Weirdness & Mutations

Your mind is acute. (Int +4, Str/Dex -1)
You are frail. (-10% HP)


Message History

Aiming: Slow (safe; 10% risk of failure)
Press: ? - help, Shift-Dir - straight line, f/p - ogre
Aim: an ogre, wielding a +0 giant spiked club (chance to affect: 45%)
The ogre resists with some effort.
Unknown command.
You hit the ogre.
The ogre is lightly wounded.
The ogre barely misses you.
Unknown command.
You hit the ogre.
The ogre is moderately wounded.
The ogre misses you.
You hit the ogre but do no damage.
The ogre is moderately wounded.
You barely miss the ogre.
The ogre is moderately wounded.
The ogre hits you with a +0 giant spiked club!!
You are too injured to fight recklessly!
You are too injured to fight recklessly!
You are too injured to fight recklessly!
You are too injured to fight recklessly!
You barely miss the ogre.
The ogre is moderately wounded.
Unknown command.
You hit the ogre.
The ogre is moderately wounded.
The ogre hits you but does no damage.
Unknown command.
You hit the ogre.
The ogre is heavily wounded.
Unknown command.
You hit the ogre.
The ogre is severely wounded.
The ogre barely misses you.
Unknown command.
You hit the ogre.
The ogre is severely wounded.
The ogre hits you with a +0 giant spiked club!!
Ouch! That really hurt!
You die...

.. .. ##
###+#############
.................
.................
......O@.........
........>........
.................
#####.....#######
+.....# #.....#
#.....# #......
#......


You could see an ogre.

Vanquished Creatures
  4 elf zombies (Ossuary)
  2 centaur zombies (Ossuary)
  A jelly (D:5)
  An iguana (D:6)
  3 mummies
  5 adders
  A white imp (D:3)
  An ufetubus (D:6)
  A worm (D:3)
  3 dart slugs
  7 orcs
  4 bats
  4 endoplasms
  4 giant cockroaches
  8 hobgoblins
  6 jackals
  3 quokkas (D:1)
  9 ball pythons
  6 frilled lizards
  7 goblins
  3 goblin zombies (Ossuary)
  8 hobgoblin zombies (Ossuary)
  A jackal zombie (Ossuary)
  9 kobolds
  7 kobold zombies (Ossuary)
  10 orc zombies (Ossuary)
  9 rats
  2 rat zombies (Ossuary)
129 creatures vanquished.

Notes
Turn   | Place    | Note
-------+----------+-------------------------------------------
     0 | D:1      | Amplified the Hill Orc Hexslinger began the quest for the
                  | Orb.
     0 | D:1      | Reached XP level 1. HP: 16/16 MP: 2/2
   410 | D:1      | Reached skill level 1 in Armour
   431 | D:1      | Reached XP level 2. HP: 24/24 MP: 3/3
   433 | D:1      | Reached skill level 2 in Fighting
   690 | D:1      | Reached XP level 3. HP: 26/30 MP: 4/4
  1449 | D:2      | Reached skill level 3 in Fighting
  1663 | D:2      | Reached XP level 4. HP: 38/38 MP: 5/5
  2322 | D:2      | Found Cedgh's Weapon Emporium.
  2672 | D:3      | Reached skill level 4 in Fighting
  2831 | D:3      | Reached XP level 5. HP: 32/46 MP: 6/6
  2927 | D:3      | Found a radiant altar of Vehumet.
  3117 | D:3      | Found a faded altar of an unknown god.
  3448 | D:5      | Entered Level 5 of the Dungeon
  3448 | D:5      | Noticed an ogre
  3466 | D:5      | Found a sacrificial altar of Ru.
  3466 | D:5      | Found a shimmering altar of Xom.
  3567 | D:6      | Found a sand-covered staircase.
  3752 | Ossuary  | Entered an ossuary
  3995 | Ossuary  | Reached skill level 1 in Short Blades
  3995 | Ossuary  | Reached XP level 6. HP: 46/55 MP: 7/7
  4008 | Ossuary  | Gained mutation: You are frail. (-10% HP) [potion of
                  | mutation]
  4008 | Ossuary  | Gained mutation: Your mind is acute. (Int +4, Str/Dex -1)
                  | [potion of mutation]
  4010 | Ossuary  | Reached skill level 5 in Fighting
  4011 | Ossuary  | HP: 1/50 [elf zombie (5)]
  4027 | Ossuary  | HP: 2/50 [elf zombie (1)]
  4175 | Ossuary  | Reached XP level 7. HP: 24/55 MP: 8/8
  4350 | Ossuary  | Reached skill level 6 in Fighting
  4350 | Ossuary  | Reached skill level 5 in Armour
  4587 | D:5      | Mangled by an ogre

Illustrated notes

Levels and vault maps discovered:
D:1:      amcnicky_arrival_abandoned_market, layout_basic
D:2:      layout_basic, serial_shops, shop
D:3:      layout_rooms, vehumet_crystals,
          shapermc_ecumenical_altar_totnotflames, skrybe_limestone_x
D:4:      layout_rooms, mainiacjoe_overflow_boulevard,
          minmay_temple_entry_ruins, uniq_crazy_yiuf_cottage, uniq_menkaure,
          uniq_blork_the_orc
D:5:      layout_gridville, nicolae_overflow_two_pavilions, roderic_batcave
D:6:      layout_basic, kiku_gazebo_pond_becter, gup_ossuary_entry_pyramid,
          serial_shops, nicolae_shop_waterfront, dreamdust_princess_bridge,
          st_stairs_12, kennysheep_flooded_box

Skill      XL: |  1  2  3  4  5  6  7 |
---------------+----------------------+-----
Armour         | 1 2 3 4 5 |  5.2
Fighting       | 2 3 4 5 6 |  6.0
Short Blades   | 1 2 3 |  3.1
Ranged Weapons | |  1.7
Dodging        | |  1.5
Spellcasting   | |  1.0
Hexes          | |  3.0

Action                     |  1- 3 |  4- 6 |  7- 9 || total
---------------------------+-------+-------+-------++-------
  Melee: Short sword       |    23 |   302 |    77 ||   402
         Punch             |       |     4 |     1 ||     5
         Dagger            |       |    13 |       ||    13
   Fire: Sling             |    73 |       |       ||    73
   Cast: Slow              |     1 |     4 |     4 ||     9
    Use: Scroll            |     4 |     5 |     1 ||    10
         Potion            |       |     8 |       ||     8
 Armour: Robe              |     4 |       |       ||     4
         Ring mail         |    10 |   115 |    35 ||   160
         Skin              |       |    24 |       ||    24
  Dodge: Dodged            |    34 |   192 |    34 ||   260
         Repelled          |       |     1 |       ||     1
